 Dungeon Crawl Stone Soup version 0.31-a0-175-g9f7f995f2b (webtiles) character file.

Game seed: 7865934259117048887

2 Moral the Cutter (level 1, 0/14 HPs)
             Began as a Kobold Berserker on June 17, 2023.
             Was a Follower of Trog.
             Constricted to death by a ball python (1 damage)
             ... on level 1 of the Dungeon.
             The game lasted 00:00:19 (120 turns).

Moral the Cutter (Kobold Berserker)                  Turns: 120, Time: 00:00:19

Health: 0/14       AC:  2    Str: 14    XL:     1   Next: 33%
Magic:  1/1        EV: 11    Int:  8    God:    Trog [*.....]
Gold:   15         SH:  0    Dex: 14    Spells: 0/0 levels left

rFire   . . .        a - +0 short sword
rCold   . . .        (no shield)
rNeg    . . .        b - +0 animal skin
rPois   .            (no helmet)
rElec   .            (no cloak)
rCorr   .            (no gloves)
SInv    .            (no boots)
Will    .....        (no amulet)
Stlth   ++           (no ring)
HPRegen 0.22/turn    (no ring)
MPRegen 0.07/turn

%: no passive effects
@: constricted
A: small, no large weapons, nightstalker 3
a: Renounce Religion, Berserk


You were on level 1 of the Dungeon.
You worshipped Trog.
Trog was aware of your devotion.
You visited 1 branch of the dungeon, and saw 1 of its levels.

You collected 15 gold pieces.

Inventory:

Hand Weapons
 a - a +0 short sword (weapon)
Armour
 b - a +0 animal skin (worn)
Potions
 c - a potion of cancellation {unknown}


   Skills:
 + Level 3.3 Fighting
 + Level 4.0 Short Blades
 - Level 1.5 Armour
 + Level 2.4 Dodging
 + Level 0.2 Stealth


You couldn't memorise any spells.
You didn't know any spells.
Your spell library was empty.

Dungeon Overview and Level Annotations

Branches:
Dungeon (1/15)

Altars:


Innate Abilities, Weirdness & Mutations

You are small and have problems with some larger weapons.
You are completely attuned to the shadows.


Message History

You hit the hobgoblin but do no damage. You barely miss the hobgoblin.
The hobgoblin misses you.
You hit the hobgoblin.
The hobgoblin is severely wounded.
The hobgoblin barely misses you.
You hit the hobgoblin but do no damage.
The hobgoblin is severely wounded.
The hobgoblin hits you.
You closely miss the hobgoblin.
The hobgoblin is severely wounded.
The hobgoblin hits you.
You hit the hobgoblin but do no damage.
The hobgoblin is severely wounded.
You hit the hobgoblin.
You kill the hobgoblin!
Trog accepts your kill.
You see here a hobgoblin corpse.
A ball python comes into view.
A ball python is nearby!
A ball python is nearby!
You open the door.
A quokka comes into view.
A quokka is nearby!
The quokka bites you. x2
The ball python hisses angrily.
You barely miss the quokka. The quokka barely misses you.
The ball python bites you. The ball python grabs you.
The ball python constricts you.
You miss the quokka. You barely miss the quokka. The ball python bites you.
The ball python constricts you. The quokka completely misses you.
You hit the quokka but do no damage. The ball python bites you.
The ball python constricts you. The quokka bites you.
* * * LOW HITPOINT WARNING * * *
You hit the quokka but do no damage. The ball python closely misses you.
The ball python constricts you. The quokka bites you.
* * * LOW HITPOINT WARNING * * *
You closely miss the quokka. The ball python barely misses you.
The ball python constricts you.
You die...

#...##.......
##.###''#####
##.##.....#
'...+..<..#
#...+.....###+##
#...########...##
##.## ##.....##
#..## ##.....S.##
##...####.......@.#
........'........r+
##...####.........#
#...## ##.......##
#.#..## ##.....##
...##..###.....#
.#.###.††..#.+##
... #.###.#..#
#.....#..#


You could see a quokka and a ball python.

Vanquished Creatures
  A hobgoblin (D:1)
  A ball python (D:1)
2 creatures vanquished.

Notes
Turn   | Place    | Note
-------+----------+-------------------------------------------
     0 | D:1      | Moral the Kobold Berserker began the quest for the Orb.
     0 | D:1      | Reached XP level 1. HP: 14/14 MP: 1/1
   120 | D:1      | Constricted to death by a ball python

Illustrated notes

Levels and vault maps discovered:
D:1:      dpeg_arrival_houses_and_road, layout_loops_corners,
          ebering_ecumenical_altar_ruins, st_stairs_7,
          nicolae_concentric_dashed_squares_mild, minmay_tromino_i4

Action                     || total
---------------------------++-------
  Melee: Short sword       ||    18
  Dodge: Dodged            ||     9

Table legend: (Time is in decaauts)
 A = Elapsed time spent in this place.
 B = Non-inter-level travel time spent in this place.
 C = Inter-level travel time spent in this place.
 D = Time resting spent in this place.
 E = Time spent auto-exploring this place.
 F = Levels seen in this place.
 G = Mean time per level.
                   A        B        C        D        E       F      G
               +--------+--------+--------+--------+--------+-----+--------+
         Total |    116 |    116 |      0 |      0 |     78 |   1 |  116.0 |
       Dungeon |    116 |    116 |      0 |      0 |     78 |   1 |  116.0 |
               +--------+--------+--------+--------+--------+-----+--------+

Top non-repeatable levels by time:
     D:1: 116 daAuts
